 Dungeon Crawl Stone Soup version 0.28.0-56-g4927b6849a (webtiles) character file.

Game seed: 17547421138011354919

766 tkbsonic5 the Charlatan (level 7, -1/34 HPs)
             Began as a Spriggan Artificer on Jan 25, 2023.
             Was a Follower of Nemelex Xobeh.
             Killed from afar by an orc wizard (10 damage)
             ... with a puff of flame
             ... on level 6 of the Dungeon.
             The game lasted 00:30:31 (4749 turns).

tkbsonic5 the Charlatan (Spriggan Artificer)        Turns: 4749, Time: 00:30:33

Health: -1/34      AC:  2    Str:  6    XL:     7   Next: 52%
Magic:  9/13       EV: 19    Int: 19    God:    Nemelex Xobeh [*.....]
Gold:   155        SH:  0    Dex: 17    Spells: 4/11 levels left

rFire   x . .      SeeInvis +   i - +0 dagger
rCold   + . .      Faith    +   (no shield)
rNeg    . . .      Spirit   .   b - +0 robe
rPois   .          Reflect  .   (helmet restricted)
rElec   .          Harm     .   (no cloak)
rCorr   .          Rampage  .   (gloves unavailable)
Will    ++...                   (boots unavailable)
Stlth   ++........              k - amulet of faith
HPRegen 0.11/turn               h - +6 ring of intelligence
MPRegen 0.13/turn               a - ring of ice

@: very quick
A: very small, no large weapons, unfitting armour, see invisible, speed 3, horns
1, high MP 1, strong-willed 1, weak 1
a: Renounce Religion, Draw Escape, Draw Destruction, Draw Summoning


You were on level 6 of the Dungeon.
You worshipped Nemelex Xobeh.
Nemelex Xobeh was aware of your devotion.
You visited 1 branch of the dungeon, and saw 6 of its levels.

You collected 155 gold pieces.

Inventory:

Hand Weapons
 g - a +2 vampiric spear
 i - a +0 dagger (weapon)
 q - a +0 hunting sling
Missiles
 j - 14 bolts
 l - 10 arrows
 m - 3 boomerangs (quivered)
Armour
 b - a +0 robe (worn)
Jewellery
 a - a ring of ice (right hand)
 h - a +6 ring of intelligence (left hand)
 k - an amulet of faith (around neck)
 o - a ring of fire
 p - a ring of positive energy
Wands
 d - a wand of charming (6)
Scrolls
 c - a scroll of identify
 n - 2 scrolls of magic mapping
Potions
 f - 2 potions of flight
Miscellaneous
 e - a piece from Xom's chessboard (15/15)


   Skills:
 * Level 1.7 Fighting
 - Level 0.7 Polearms
 * Level 4.8 Throwing
 - Level 4.3 Dodging
 - Level 3.0 Stealth
 * Level 0.3 Unarmed Combat
 * Level 2.6 Spellcasting
 * Level 2.6 Hexes
 * Level 3.2 Translocations
 * Level 3.0 Transmutations
 - Level 4.8 Evocations


You had 4 spell levels left.
You knew the following spells:

 Your Spells              Type           Power      Damage    Failure   Level
a - Portal Projectile     Hex/Tloc       26%        N/A       14%         3
b - Beastly Appendage     Tmut           28%        N/A       4%          1
c - Spider Form           Tmut/Pois      8%         N/A       26%         3

Your spell library contained the following spells:

 Spells                   Type           Power      Damage    Failure   Level
 Wereblood                Tmut           14%        N/A       7%          2
 Gell's Gravitas          Tloc           14%        N/A       13%         3
 Teleport Other           Tloc           14%        N/A       13%         3
 Summon Small Mammal      Summ           8%         N/A       16%         1
 Summon Guardian Golem    Hex/Summ       7%         N/A       28%         3
 Call Canine Familiar     Summ           2%         N/A       43%         3
 Leda's Liquefaction      Hex/Erth       3%         N/A       67%         4
 Summon Forest            Summ/Tloc      4%         N/A       92%         5
 Summon Mana Viper        Hex/Summ       7%         N/A       95%         5
 Dispersal                Tloc           7%         N/A       100%        6
 Summon Cactus Giant      Summ           1%         N/A       100%        6


Dungeon Overview and Level Annotations

Branches:
Dungeon (6/15)             Temple (0/1) D:4

Altars:
Ashenzari
Dithmenos
Fedhas
Gozag
Nemelex Xobeh
Okawaru
Ru
Sif Muna

Shops:
D:1 (   D:3 !


Innate Abilities, Weirdness & Mutations

You are very small and have problems with some larger weapons.
You are too small for most types of armour.
You have supernaturally acute eyesight. (SInv)
You cover ground extremely quickly. (Speed+++)
You have a pair of small horns on your head.
You have an increased reservoir of magic. (+10% MP)
You are strong-willed. (Will+)
You are weak. (Str -2)


Message History

Aim: an adder (chance to affect: 70%)
The adder is charmed.
What are your orders? t - Shout!
Orders for allies: a - Attack new target. p - Attack previous target. r - Retreat! s - Stop attacking. g - Guard the area. f - Follow me.
Anything else - Cancel.
Gang up on whom?
Press: ? - help, Dir - move target, f - centaur zombie, p - adder
Aim: a centaur zombie Attack!
Your adder bites the centaur zombie.
The centaur zombie hits your adder. The centaur zombie kicks your adder.
Your adder barely misses the centaur zombie.
The centaur zombie closely misses your adder.
The centaur zombie kicks your adder.
Your adder bites the centaur zombie.
The centaur zombie barely misses your adder.
The centaur zombie completely misses your adder.
Your adder bites the centaur zombie.
Something closely misses your adder. Something completely misses your adder.
Your adder bites something.
You feel a bit more experienced.
Your Transmutations skill increases to level 3!
A centaur comes into view.
The centaur shouts!
You hear a shout! x2
An orc wizard comes into view. It is wielding a +0 dagger.
An orc comes into view. It is wielding a +0 mace.
The centaur barely misses you. The centaur kicks you.
* * * LOW HITPOINT WARNING * * *
The orc wizard shouts!
Aiming: Charm
Press: ? - help, Shift-Dir - straight line, f - centaur
Aim: a centaur, quivering arrows (chance to affect: 62%)
The centaur resists with significant effort.
The centaur misses you. The centaur closely misses you.
The orc wizard casts a spell at you. The puff of flame hits you!
The fire burns you terribly!
You die...
Your body disappears without a glow.

#### ###### #.o
#....# #.#
##.##.####.###o.#
#.........@c....#
#..###########....
#..###### #
#.......#
###.####.# #.....#
#.....#
######.....##
............#


You could see a centaur, an orc wizard and an orc.

Vanquished Creatures
  Prince Ribbit (D:5)
  A naga (D:5)
  A water moccasin skeleton (D:4)
  2 howler monkeys
  A jelly (D:4)
  A bullfrog skeleton (D:5)
  A hound (D:4)
  An orc wizard (D:2)
  A howler monkey zombie (D:5)
  A gnoll (D:1)
  4 adders
  A worm (D:2)
  2 dart slugs
  7 orcs
  4 ball pythons
  5 endoplasms
  4 giant cockroaches (D:2)
  2 hobgoblins (D:1)
  8 kobolds
  A quokka (D:2)
  6 bats
  3 frilled lizards
  4 goblins
  3 rats
65 creatures vanquished.

Vanquished Creatures (collateral kills)
  A centaur (D:6)
  A worm (D:2)
  An orc (D:3)
  A goblin (D:1)
  A hobgoblin (D:1)
  A frilled lizard (D:1)
6 creatures vanquished.

Vanquished Creatures (others)
  Blork the orc (D:6)
  2 adders
  An orc (D:3)
  An endoplasm (D:1)
5 creatures vanquished.

Grand Total: 76 creatures vanquished

Notes
Turn   | Place    | Note
-------+----------+-------------------------------------------
     0 | D:1      | tkbsonic5 the Spriggan Artificer began the quest for the
                  | Orb.
     0 | D:1      | Reached XP level 1. HP: 9/9 MP: 2/2
   159 | D:1      | Reached XP level 2. HP: 14/14 MP: 3/3
   257 | D:1      | Found Kaugitoy's Antique Weapon Shoppe.
   503 | D:1      | Reached XP level 3. HP: 16/17 MP: 4/4
   586 | D:1      | Reached skill level 1 in Fighting
  1312 | D:2      | Reached XP level 4. HP: 14/22 MP: 5/5
  2082 | D:3      | Found a faded altar of an unknown god.
  2102 | D:3      | Found a sacrificial altar of Ru.
  2333 | D:3      | Found an opulent altar of Gozag.
  2333 | D:3      | Found a sparkling altar of Nemelex Xobeh.
  2339 | D:3      | Became a worshipper of Nemelex Xobeh the Trickster
  2369 | D:3      | Learned a level 3 spell: Call Canine Familiar
  2540 | D:3      | Gained mutation: You are weak. (Str -2) [potion of
                  | mutation]
  2540 | D:3      | Gained mutation: You have an increased reservoir of magic.
                  | (+10% MP) [potion of mutation]
  2540 | D:3      | Gained mutation: You have a pair of small horns on your
                  | head. [potion of mutation]
  2540 | D:3      | Gained mutation: You are strong-willed. (Will+) [potion of
                  | mutation]
  2601 | D:2      | Learned a level 3 spell: Portal Projectile
  2670 | D:2      | Reached skill level 1 in Throwing
  2964 | D:3      | Found Geivergh's Distillery.
  3024 | D:4      | Reached XP level 5. HP: 15/25 MP: 6/6
  3173 | D:4      | Found a staircase to the Ecumenical Temple.
  3445 | D:4      | Reached XP level 6. HP: 20/30 MP: 7/7
  3542 | D:4      | Learned a level 1 spell: Beastly Appendage
  3799 | D:4      | Reached * piety under Nemelex Xobeh
  3799 | D:4      | Received a gift from Nemelex Xobeh
  3906 | D:5      | Entered Level 5 of the Dungeon
  3985 | D:5      | Found a shimmering blue altar of Sif Muna.
  3988 | D:5      | Found an iron altar of Okawaru.
  4018 | D:5      | Noticed a naga
  4018 | D:5      | an ogre changed into a naga
  4030 | D:5      | Killed a naga
  4031 | D:5      | Reached skill level 1 in Spellcasting
  4031 | D:5      | Reached skill level 1 in Hexes
  4031 | D:5      | Reached skill level 1 in Transmutations
  4035 | D:5      | Learned a level 3 spell: Spider Form
  4061 | D:5      | Found a broken altar of Ashenzari.
  4249 | D:5      | Found a shadowy altar of Dithmenos.
  4249 | D:5      | Noticed Prince Ribbit
  4280 | D:5      | Killed Prince Ribbit
  4281 | D:5      | Reached XP level 7. HP: 11/33 MP: 5/12
  4493 | D:5      | Found a blossoming altar of Fedhas.
  4698 | D:6      | Noticed Blork the orc
  4730 | D:6      | Your ally Blork the orc died
  4749 | D:6      | Killed from afar by an orc wizard

Illustrated notes

Levels and vault maps discovered:
D:1:      saegor_arrival_under_anarchy, layout_loops_corners, serial_shops, shop
D:2:      layout_rooms
D:3:      layout_basic, grunt_temple_overflow_opulence,
          mainiacjoe_overflow_alcove_4, dreamdust_ecumenical_altar_statues,
          serial_shops, nicolae_shop_statue_plus
D:4:      layout_basic, temple_doors_ab
D:5:      layout_basic, cheibrodos_ashenzari_chains,
          grunt_temple_overflow_cloverleaf, mainiacjoe_overflow_surrounded_room,
          kennysheep_path_1, minmay_checkerbox, uniq_prince_ribbit1
D:6:      layout_loops_ring, uniq_blork_the_orc, uniq_maggie, uniq_duvessa

Skill      XL: |  1  2  3  4  5  6  7 |
---------------+----------------------+-----
Stealth        | 2 3 |  3.0
Fighting       | 1 |  1.7
Dodging        | 4 |  4.3
Throwing       | 2 4 |  4.8
Spellcasting   | 2 |  2.6
Hexes          | 2 |  2.6
Translocations | 2 3 |  3.2
Transmutations | 2 3 |  3.0
Polearms       | |  0.7
Unarmed Combat | |  0.3
Evocations     | |  4.8

Action                   |  1- 3 |  4- 6 |  7- 9 || total
-------------------------+-------+-------+-------++-------
Melee: Spear             |    83 |   100 |       ||   183
       Headbutt          |       |     3 |       ||     3
       Unarmed           |       |     5 |       ||     5
       Dagger            |       |     1 |       ||     1
Throw: Boomerang         |       |    55 |     5 ||    60
 Cast: Spider Form       |       |     1 |       ||     1
       Portal Projectile |       |       |     1 ||     1
Invok: Draw Destruction  |       |     6 |       ||     6
       Draw Escape       |       |     1 |       ||     1
       Draw Summoning    |       |     1 |       ||     1
Evoke: Wand              |    13 |     8 |     3 ||    24
       Piece from Xom's  |     1 |     1 |       ||     2
  Use: Scroll            |       |     4 |       ||     4
       Potion            |       |     3 |       ||     3
 Stab: Sleeping          |     5 |     2 |       ||     7
       Betrayed ally     |       |     1 |       ||     1
Armor: Robe              |     7 |     1 |       ||     8
Dodge: Dodged            |    55 |    87 |     4 ||   146
